 Dungeon Crawl Stone Soup version 0.30.1 (webtiles) character file.

Game seed: 11260884820636899109

2211 Sanktem7 the Cleaver (level 9, -5/79 HPs)
             Began as a Minotaur Fighter on July 13, 2023.
             Was a Follower of Okawaru.
             Slain by Prince Ribbit (13 damage)
             ... on level 7 of the Dungeon.
             The game lasted 00:07:59 (5863 turns).

Sanktem7 the Cleaver (Minotaur Fighter)             Turns: 5863, Time: 00:08:00

Health: -5/79      AC:  9    Str: 24    XL:     9   Next: 13%
Magic:  0/8        EV:  9    Int:  5    God:    Okawaru [*.....]
Gold:   367        SH:  5    Dex: 11    Spells: 8/8 levels left

rFire   . . .        a - +0 war axe {axe}
rCold   . . .        c - +0 buckler
rNeg    . . .        b - +0 scale mail
rPois   .            (helmet restricted)
rElec   .            (no cloak)
rCorr   .            s - +0 pair of gloves
SInv    .            (no boots)
Will    .....        t - amulet of guardian spirit Stlth
                     f - ring of flight
HPRegen 0.33/turn    (no ring)
MPRegen 0.11/turn

%: guardian spirit
@: weakened, flying
A: horns 2, retaliatory headbutt
a: Renounce Religion, Heroism


You were on level 7 of the Dungeon.
You worshipped Okawaru.
Okawaru was aware of your devotion.
You visited 2 branches of the dungeon, and saw 8 of its levels.

You collected 367 gold pieces.


Innate Abilities, Weirdness & Mutations

You have a pair of horns on your head.
You reflexively headbutt those who attack you in melee.


   Skills:
 + Level 7.3 Fighting
 * Level 9.1 Axes
 + Level 3.2 Throwing
 + Level 7.1 Armour
 + Level 7.1 Shields


You had 8 spell levels left.
You didn't know any spells.
Your spell library contained the following spells:

 Spells                   Type           Power      Damage    Failure   Level
 Dazzling Flash           Conj/Hex       0%         N/A       99%         3
 Portal Projectile        Hex/Tloc       0%         N/A       99%         3
 Volatile Blastmotes      Fire/Tloc      0%         2d10      99%         3
 Iskenderun's Mystic Bla  Conj/Tloc      0%         2d3       100%        4
 Leda's Liquefaction      Hex/Erth       0%         N/A       100%        4
 Manifold Assault         Tloc           0%         N/A       100%        4
 Blade Hands              Tmut           0%         N/A       100%        5
 Lee's Rapid Deconstruct  Erth           0%         3d4*      100%        5
 Dispersal                Tloc           0%         N/A       100%        6
 Starburst                Conj/Fire      0%         6d3       100%        6
 Statue Form              Tmut/Erth      0%         N/A       100%        6
 Disjunction              Tloc           0%         N/A       100%        8
 Tukima's Dance           Hex            Unusable   N/A       N/A         3

Inventory:

Hand Weapons
 a - a +0 war axe (weapon) {axe}
 g - a +0 whip of freezing {mace}
   (You found it on level 1 of the Dungeon)
 l - a +0 short sword of electrocution {short}
   (You found it on level 1 of the Dungeon)
 m - a +1 falchion of distortion {!wlong}
   (You found it on level 2 of the Dungeon)
 y - a +2 dagger of holy wrath {short}
   (You took it off an orc wizard on level 4 of the Dungeon)
 F - a +2 hand axe of freezing {axe}
   (You found it on level 6 of the Dungeon)
 K - a +1 whip of electrocution {mace}
   (You took it off Pikel on level 7 of the Dungeon)
Missiles
 h - 57 stones (quivered) {throwing}
 v - 37 poisoned darts {throwing}
Armour
 b - a +0 scale mail (worn)
 c - a +0 buckler (worn)
 s - a +0 pair of gloves (worn)
   (You found it on level 2 of the Dungeon)
 E - the scarf of Midsummer {repulsion, Will+ Int+2}
   (You found it on level 5 of the Dungeon)

   Int:       It affects your intelligence (+2).
   Will:      It increases your willpower.
Jewellery
 f - a ring of flight (left hand)
   (You found it on level 1 of the Dungeon)
 t - an amulet of guardian spirit (around neck)
   (You found it on level 2 of the Dungeon)
Wands
 B - a wand of flame (23)
   (You found it on level 4 of the Dungeon)
 C - a wand of polymorph (7)
   (You found it on level 5 of the Dungeon)
Scrolls
 e - 10 scrolls of identify {unknown}
 i - 3 scrolls of magic mapping {unknown}
 k - a scroll of enchant armour {unknown}
 p - 5 scrolls of amnesia {unknown}
 q - 3 scrolls of vulnerability {unknown}
 r - 3 scrolls of blinking {unknown}
 w - 3 scrolls of poison {unknown}
 x - a scroll of brand weapon {unknown}
 D - 2 scrolls of teleportation {unknown}
 G - a scroll of immolation {unknown}
 I - a scroll of enchant weapon {unknown}
 L - 2 scrolls of fog {unknown}
Potions
 d - 5 potions of might
 j - 3 potions of resistance {unknown}
 n - a potion of curing {@q1}
 o - 2 potions of flight {unknown}
 u - 2 potions of attraction {unknown}
 z - 3 potions of lignification {unknown}
 A - a potion of brilliance {unknown}
 H - a potion of heal wounds {unknown}
 J - a potion of invisibility {unknown}

Dungeon Overview and Level Annotations

Branches:
Dungeon (7/15) Zot: 25964  Temple (1/1) D:5 Zot: 5946

Altars:
Cheibriados
Elyvilon
Fedhas
Gozag
Makhleb
Nemelex Xobeh
Okawaru
Qazlal
Ru
Sif Muna
Trog
Uskayaw
Vehumet
Xom
Yredelemnul

Shops:
D:2 =   D:5 (

Annotations:
D:7 Prince Ribbit

....... .####.##....##..#
....... ..#
#..##.#.....##
.......###.#
#.....####...#
...###...#.###...###
#.#.. ...#!#..F#.#...#.#
.#.. ...###5g)).#.###.#
.. ##.....#ggg...##.# ##
## #..####.gg##.##.# ..
##......F@...##.###.# .#
####...####.....##.###.##
#...# #.............#
#.#..####............#
#.#......#...........#
#.#...##.............#
#.....).........##..
#...............####
................#


You could see Prince Ribbit, a bullfrog, a gnoll bouda, 5 gnolls and a white
imp.


Message History

The orc wizard points at you and mumbles some strange words.
The puff of flame hits you but does no damage.
A gnoll comes into view. It is wielding a +0 club.
Prince Ribbit hits you but does no damage.
A gnoll comes into view. It is wielding a +0 spear.
The shadow imp hits you but does no damage.
The orc wizard gestures at you while chanting.
The puff of flame hits you.
Things that are here:
a +0 dagger {short}; a +0 robe; 😮 HP[-5]
You take 5 damage, and now have 44/79 hp.
You barely miss the orc wizard.
The gnoll shouts!
You hit Prince Ribbit. You hit the gnoll bouda. You barely miss the shadow imp.
Prince Ribbit hits you!
* * * LOW HITPOINT WARNING * * *
A gnoll comes into view. It is wielding a +0 whip.
The gnoll hits you from afar with a +0 spear.
* * * LOW HITPOINT WARNING * * *
A gnoll comes into view. It is wielding a +0 whip.
Prince Ribbit blinks!
The shadow imp laughs crazily.
You block the shadow imp's attack.
The orc wizard hits you but does no damage.
You block the gnoll bouda's attack.
Unknown command. 😨 HP[-14] MP[-1]
You take 14 damage, and now have 30/79 hp.
You lost 1 mp, and now have 4/8 mp.
You closely miss the orc wizard.
The gnoll shouts!
You hit the gnoll bouda but do no damage.
You barely miss the shadow imp. The gnoll completely misses you.
The shadow imp barely misses you.
The orc wizard hits you but does no damage.
You slash the orc wizard!
You kill the orc wizard!
Okawaru accepts your kill.
You hit the gnoll bouda. You barely miss the shadow imp.
The gnoll hits you from afar with a +0 spear.
* * * LOW HITPOINT WARNING * * *
You block the shadow imp's attack.
The gnoll bouda hits you with a +0 whip!
* * * LOW HITPOINT WARNING * * *
😨 HP[-7] MP[-2]
You take 7 damage, and now have 23/79 hp.
You lost 2 mp, and now have 2/8 mp.
A white imp comes into view.
The white imp shouts!
A bullfrog comes into view.
The gnoll hits you from afar with a +0 spear.
* * * LOW HITPOINT WARNING * * *
You block Prince Ribbit's attack. You block the shadow imp's attack.
The gnoll closely misses you. The gnoll bouda barely misses you.
You furiously retaliate!
You headbutt the gnoll bouda!
Things that are here:
a +0 dagger {short}; a +0 robe; 😨 HP[-1]
You take 1 damage, and now have 22/79 hp.
Prince Ribbit attacks as you move away!
Prince Ribbit hits you but does no damage.
The gnoll hits you from afar with a +0 spear.
The shadow imp hits you but does no damage.
The gnoll bouda hits you with a +0 whip.
* * * LOW HITPOINT WARNING * * *
Prince Ribbit blinks!
The gnoll hits you but does no damage. 😱 HP[-4] MP[-1]
You take 4 damage, and now have 18/79 hp.
You lost 1 mp, and now have 1/8 mp.
You barely miss the gnoll. Your headbutt misses the gnoll.
You slash the shadow imp!
You kill the shadow imp!
Okawaru accepts your kill.
You barely miss the gnoll. You closely miss the gnoll bouda.
The gnoll closely misses you. The gnoll hits you with a +0 club.
* * * LOW HITPOINT WARNING * * *
You block the gnoll bouda's attack. You block the gnoll's attack.
The gnoll barely misses you. The gnoll closely misses you. 😱 HP[-3]
You take 3 damage, and now have 15/79 hp.
The gnoll attacks as you move away! The gnoll hits you with a +0 whip.
* * * LOW HITPOINT WARNING * * *
The gnoll attacks as you move away! The gnoll hits you with a +0 club.
* * * LOW HITPOINT WARNING * * *
The gnoll bouda attacks as you move away!
The gnoll bouda hits you but does no damage.
The gnoll hits you with a +0 club!
* * * LOW HITPOINT WARNING * * *
Things that are here:
a +0 hand axe {axe}; a +0 scale mail; 😱 HP[-13]
You take 13 damage, and now have 2/79 hp.
The gnoll is no longer moving quickly.
Prince Ribbit barely misses you.
The gnoll bouda attacks as you move away!
You block the gnoll bouda's attack. 😱 HP[+1]
You feel better.
The gnoll is no longer moving quickly.
Prince Ribbit blinks!
The gnoll barely misses you. You furiously retaliate!
You headbutt the gnoll!
The gnoll bouda barks out a call to the hunt!
The gnolls pick up the pace!
Prince Ribbit hits you!
You die...

Skill      XL: |  1  2  3  4  5  6  7  8  9 |
---------------+----------------------------+-----
Axes           | 3 4 5 6 7 8 9 |  9.1
Fighting       | 4 5 6 7 |  7.3
Armour         | 4 5 6 7 |  7.1
Shields        | 4 5 6 7 |  7.1
Throwing       | 1 3 |  3.2

Action                     |  1- 3 |  4- 6 |  7- 9 || total
---------------------------+-------+-------+-------++-------
  Melee: War axe           |    52 |   141 |   195 ||   388
         Headbutt          |     3 |    19 |    29 ||    51
    Use: Potion            |       |       |     1 ||     1
 Armour: Scale mail        |    34 |    62 |    91 ||   187
  Dodge: Dodged            |    35 |    77 |    88 ||   200
  Block: Buckler           |    12 |    29 |    61 ||   102

Levels and vault maps discovered:
D:1:      minmay_arrival_five_plusses, layout_loops_ring
D:2:      layout_basic, serial_shops, shop_fountains, minmay_indecisive_spiral,
          uniq_jessica, uniq_robin
D:3:      minmay_roachtagon, layout_loops_cross, marbit_many_paths
D:4:      layout_loops_corners
D:5:      layout_basic, lemuel_tele_altar, mainiacjoe_overflow_brackets,
          nicolae_overflow_hidden_temple, temple_doors_e, serial_shops, shop,
          minmay_crystal_room
D:6:      layout_loops_cross
D:7:      kennysheep_housing_project, layout_rooms,
          mainiacjoe_overflow_small_starburst, item_on_display_a,
          uniq_prince_ribbit1, uniq_pikel
Temple:   hellmonk_temple_forest_ring

Notes
Turn   | Place    | Note
-------+----------+-------------------------------------------
     0 | D:1      | Sanktem7 the Minotaur Fighter began the quest for the Orb.
     0 | D:1      | Reached XP level 1. HP: 19/19 MP: 0/0
     0 | D:1      | magus.rc [v1.9.6]
    22 | D:1      | You pick up a book of Spectacle and begin reading...
    22 | D:1      | You add the spells Volatile Blastmotes, Dazzling Flash,
                  | Iskenderun's Mystic Blast and Starburst to your library.
    81 | D:1      | Reached XP level 2. HP: 25/27 MP: 1/1
   126 | D:1      | Reached skill level 3 in Axes
   625 | D:2      | Noticed Jessica
   632 | D:2      | Killed Jessica
   633 | D:2      | Reached skill level 4 in Fighting
   633 | D:2      | Reached skill level 4 in Armour
   633 | D:2      | Reached skill level 4 in Shields
   633 | D:2      | Reached XP level 3. HP: 26/33 MP: 2/2
   718 | D:2      | Noticed Robin
   729 | D:2      | Killed Robin
   730 | D:2      | Reached XP level 4. HP: 39/40 MP: 3/3
  1189 | D:2      | Found Zukekk's Jewellery Shoppe.
  1198 | D:2      | Reached skill level 4 in Axes
  1601 | D:3      | Noticed a centaur
  1612 | D:3      | Killed a centaur
  1613 | D:3      | Reached XP level 5. HP: 14/47 MP: 2/4
  1733 | D:3      | Found a hide-covered altar of Uskayaw.
  2052 | D:3      | Noticed an ogre
  2059 | D:3      | Killed an ogre
  2060 | D:3      | Reached skill level 5 in Axes
  2060 | D:3      | Reached XP level 6. HP: 18/55 MP: 1/5
  2294 | D:4      | Reached skill level 5 in Fighting
  2294 | D:4      | Reached skill level 5 in Armour
  2294 | D:4      | Reached skill level 5 in Shields
  2710 | D:4      | Reached skill level 6 in Axes
  2964 | D:4      | Reached XP level 7. HP: 53/61 MP: 4/6
  3132 | D:5      | Entered Level 5 of the Dungeon
  3132 | D:5      | Found a burning altar of Makhleb.
  3387 | D:5      | Identified the scarf of Midsummer {repulsion, Will+ Int+2}
  3393 | D:5      | Found Bade's Weapon Boutique.
  3428 | D:5      | Found a basalt altar of Yredelemnul.
  3498 | D:5      | Found a staircase to the Ecumenical Temple.
  3526 | Temple   | Entered the Ecumenical Temple
  3568 | Temple   | Became a worshipper of Warmaster Okawaru
  3724 | D:5      | Found a blossoming altar of Fedhas.
  3726 | D:5      | Found a white marble altar of Elyvilon.
  4082 | D:6      | HP: 15/62 [gnoll bouda/+0 whip (9)]
  4084 | D:5      | HP: 6/62 [phantom (3)]
  4089 | D:5      | Reached skill level 6 in Fighting
  4089 | D:5      | Reached skill level 7 in Axes
  4089 | D:5      | Reached skill level 6 in Shields
  4090 | D:5      | HP: 7/63 [adder (1)]
  4393 | D:6      | Reached skill level 1 in Throwing
  4393 | D:6      | Reached skill level 6 in Armour
  4393 | D:6      | Reached XP level 8. HP: 58/70 MP: 7/7
  4473 | D:6      | You pick up a book of the Warp and begin reading...
  4473 | D:6      | You add the spells Manifold Assault, Dispersal and
                  | Disjunction to your library.
  4550 | D:6      | HP: 11/70 [gnoll sergeant/+0 trident (11)]
  4563 | D:6      | HP: 12/70 [gnoll sergeant/+0 trident (3)]
  4838 | D:6      | You are sucked into a shaft and drop 1 floor!
  4911 | D:7      | Noticed Pikel
  4920 | D:7      | Killed Pikel
  4920 | D:7      | Reached * piety under Okawaru
  4921 | D:7      | Reached skill level 8 in Axes
  4921 | D:7      | Reached skill level 2 in Throwing
  5085 | D:7      | You pick up a book of Weapons and begin reading...
  5085 | D:7      | You add the spells Portal Projectile and Blade Hands to
                  | your library.
  5122 | D:6      | Reached skill level 7 in Fighting
  5523 | D:6      | You pick up a book of the Earth and begin reading...
  5523 | D:6      | You add the spells Leda's Liquefaction, Lee's Rapid
                  | Deconstruction and Statue Form to your library.
  5667 | D:7      | Reached skill level 3 in Throwing
  5667 | D:7      | Reached skill level 7 in Shields
  5667 | D:7      | Reached XP level 9. HP: 58/79 MP: 3/8
  5742 | D:7      | Reached skill level 7 in Armour
  5775 | D:7      | Reached skill level 9 in Axes
  5839 | D:7      | Noticed Prince Ribbit
  5858 | D:7      | HP: 18/79 [gnoll bouda/+0 whip (4)]
  5860 | D:7      | HP: 2/79 [gnoll/+0 club[a gnoll bouda] (7)]
  5863 | D:7      | Slain by Prince Ribbit

Vanquished Creatures
  Pikel (D:7)
  A water moccasin (D:7)
  A sky beast (D:7)
  An ogre (D:3)
  A centaur (D:3)
  A phantom (D:5)
  3 kobold brigands
  A gnoll sergeant (D:6)
  A bullfrog (D:6)
  2 scorpions
  A jelly (D:4)
  A howler monkey (D:6)
  4 hounds
  2 orc priests (D:5)
  2 gnoll boudas
  2 iguanas
  Jessica (D:2)
  5 orc wizards
  Robin (D:2)
  15 gnolls
  5 adders
  A shadow imp (D:7)
  A white imp (D:7)
  3 worms
  19 orcs
  7 ball pythons
  4 endoplasms
  14 giant cockroaches
  15 hobgoblins
  4 jackals (D:1)
  16 kobolds
  3 quokkas
  4 bats
  2 frilled lizards
  11 goblins
  7 rats
163 creatures vanquished.

Table legend:
 A = Non-vault XP
 B = Vault XP
 C = Vault XP percentage of total XP
 D = Non-vault monster count
 E = Vault monster count
 F = Vault count percentage of total count
                 A         B        C        D         E       F
            +---------+---------+-------+---------+---------+-------
      Total |    2302 |     857 |  27.1 |     134 |      29 |  17.8
            +---------+---------+-------+---------+---------+-------
        D:1 |      27 |       0 |   0.0 |      17 |       0 |   0.0
        D:2 |      22 |      74 |  77.1 |      13 |      15 |  53.6
        D:3 |     170 |     132 |  43.7 |      16 |      11 |  40.7
        D:4 |     317 |       0 |   0.0 |      22 |       0 |   0.0
        D:5 |     536 |       0 |   0.0 |      18 |       0 |   0.0
        D:6 |     729 |       0 |   0.0 |      33 |       0 |   0.0
        D:7 |     501 |     651 |  56.5 |      15 |       3 |  16.7
            +---------+---------+-------+---------+---------+-------

Skill      XL: |  1  2  3  4  5  6  7  8  9 |
---------------+----------------------------+-----
Axes           | 3 4 5 6 7 8 9 |  9.1
Fighting       | 4 5 6 7 |  7.3
Armour         | 4 5 6 7 |  7.1
Shields        | 4 5 6 7 |  7.1
Throwing       | 1 3 |  3.2

Action                     |  1- 3 |  4- 6 |  7- 9 || total
---------------------------+-------+-------+-------++-------
  Melee: War axe           |    52 |   141 |   195 ||   388
         Headbutt          |     3 |    19 |    29 ||    51
    Use: Potion            |       |       |     1 ||     1
 Armour: Scale mail        |    34 |    62 |    91 ||   187
  Dodge: Dodged            |    35 |    77 |    88 ||   200
  Block: Buckler           |    12 |    29 |    61 ||   102

Illustrated notes

Table legend:
 A = Kills in this place as a percentage of kills in the entire game.
 B = Kills by you in this place as a percentage of kills by you in the entire game.
 C = Kills by friends in this place as a percentage of kills by friends in the entire game.
 D = Other kills in this place as a percentage of other kills in the entire game.
 E = Experience gained in this place as a percentage of experience gained in the entire game.
 F = Experience gained in this place divided by the number of levels of this place that you have seen.
                   A       B       C       D       E      F
               +-------+-------+-------+-------+-------+----------------------
         Total | 100.0 | 100.0 |   N/A |   N/A | 100.0 | 394.9
       Dungeon | 100.0 | 100.0 |   N/A |   N/A | 100.0 | 451.3
               +-------+-------+-------+-------+-------+----------------------

Table legend: (Time is in decaauts)
 A = Elapsed time spent in this place.
 B = Non-inter-level travel time spent in this place.
 C = Inter-level travel time spent in this place.
 D = Time resting spent in this place.
 E = Time spent auto-exploring this place.
 F = Levels seen in this place.
 G = Mean time per level.
                   A        B        C        D        E       F      G
               +--------+--------+--------+--------+--------+-----+--------+
         Total |   5951 |   5739 |    212 |    323 |   4414 |   8 |  743.9 |
       Dungeon |   5898 |   5708 |    190 |    323 |   4394 |   7 |  842.6 |
        Temple |     53 |     31 |     22 |      0 |     20 |   1 |   53.0 |
               +--------+--------+--------+--------+--------+-----+--------+

Top non-repeatable levels by time:
     D:5: 1240 daAuts
     D:3: 1059 daAuts
     D:6: 975 daAuts
     D:4: 858 daAuts
     D:2: 680 daAuts
     D:1: 592 daAuts
     D:7: 491 daAuts
  Temple: 53 daAuts
